 Dungeon Crawl Stone Soup version 0.24.1-14-gf8d2b509d9 (webtiles) character file.

Game seed: 818495767833215046, levelgen mode: deterministic

679 lepoulpe303 the Chopper (level 7, -1/64 HPs)
             Began as a Deep Dwarf Fighter on May 26, 2020.
             Slain by an ogre
             ... wielding a +0 giant spiked club
              (21 damage)
             ... on level 4 of the Dungeon.
             The game lasted 00:11:47 (2664 turns).

lepoulpe303 the Chopper (Deep Dwarf Fighter)        Turns: 2664, Time: 00:11:48

Health: -1/64      AC:  9    Str: 26    XL:     7   Next: 34%
Magic:  6/6        EV:  9    Int:  8    God:
Gold:   252        SH: 10    Dex: 13    Spells: 6/6 levels left

rFire    . . .     SeeInvis .   a - +0 war axe
rCold    . . .     Gourm    .   c - +0 shield
rNeg     . . .     Faith    .   f - +0 scale mail
rPois    .         Spirit   .   (no helmet)
rElec    .         Reflect  .   h - +0 cloak
rCorr    .         Harm     .   (no gloves)
MR       +....                  x - +0 pair of boots
Stlth    ..........             (no amulet)
HPRegen  0.00/turn              (no ring)
MPRegen  0.10/turn              (no ring)

@: mighty, lethally poisoned (-1 -> -1), non-regenerating
A: damage resistance, heal wounds, sense surroundings 1, no regeneration
a: Heal Wounds


You were on level 4 of the Dungeon.
You were not hungry.

You visited 1 branch of the dungeon, and saw 4 of its levels.

You collected 252 gold pieces.

Inventory:

Hand Weapons
 a - a +0 war axe (weapon)
 b - a +0 hunting sling
Missiles
 v - 22 sling bullets
 A - 4 javelins (quivered)
 D - 4 boomerangs
Armour
 c - a +0 shield (worn)
 f - a +0 scale mail (worn)
 h - a +0 cloak (worn)
 x - a +0 pair of boots (worn)
Jewellery
 o - an uncursed ring of poison resistance {unknown}
 p - an uncursed ring of see invisible {unknown}
 t - a +6 amulet of reflection {unknown}
 B - an uncursed amulet of the gourmand {unknown}
Scrolls
 k - 3 scrolls of fear {unknown}
 m - 2 scrolls of enchant armour {unknown}
 n - a scroll of magic mapping {unknown}
 r - 2 scrolls of amnesia {unknown}
 u - 6 scrolls of identify {unknown}
 w - a scroll of noise {unknown}
 y - 2 scrolls of remove curse {unknown}
 C - a scroll of teleportation {unknown}
Potions
 d - 2 potions of might
 g - 4 potions of heal wounds {unknown}
 i - 2 potions of mutation {unknown}
 j - 2 potions of agility {unknown}
 l - a potion of berserk rage {unknown}
 q - a potion of lignification {unknown}
 s - a potion of brilliance {unknown}
Comestibles
 e - 6 rations
 z - 10 chunks of flesh


   Skills:
 + Level 4.0 Fighting
 * Level 5.6 Axes
 + Level 4.7 Armour
 + Level 3.2 Dodging
 + Level 4.8 Shields


You had 6 spell levels left.
You didn't know any spells.
Your spell library was empty.

Dungeon Overview and Level Annotations

Branches:
Dungeon (4/15)
 Temple: D:4-7

Altars:
Elyvilon
Fedhas
Kikubaaqudgha
Nemelex Xobeh
Sif Muna
Wu Jian


Innate Abilities, Weirdness & Mutations

You are resistant to damage.
You can heal yourself by infusing magical energy.
You passively map a small area around you.
You do not regenerate.


Message History

Firing (i - inventory. (/) - cycle)
v - 23 sling bullets (quivered)
Aim: a scorpion You shoot a sling bullet.
The sling bullet hits the scorpion but does no damage.
You feel very mighty all of a sudden.
The scorpion stings you but does no damage.
a - a +0 war axe (weapon)
You slash the scorpion! You block the scorpion's attack.
You hit the scorpion.
You kill the scorpion!
Your Fighting skill increases to level 4!
You slash the ogre! The ogre hits you but does no damage.
You barely miss the ogre.
The ogre hits you with a +0 giant spiked club!
* * * LOW HITPOINT WARNING * * *
You take 14 damage, and have 20/64 hp.
MASSIVE DAMAGE!!
You barely miss the ogre.
The ogre hits you with a +0 giant spiked club!!
You die...

..#.......#
###..#.!=+.
..#.......#
##....##.##.#
..#.......#
#.)#'###'#...
..#.......#
#)##..##.####
..#.).....#
#)#.?(.+#'.?)
..#.......#
#.#![..##[[$.
..+.).)...#
#.##..###..(.
..#..รท)...#
#..####.($((.
* ..#.......#
##..@O((##..?
..#.......#
#####...####
, ..#.......#
....... *
..'.......#
......# *
..#.......#
.....#.,
..#.......#
...?.# *
..#.......#
.....#
..#.......#
.....#
..#.......#,,
* ,


You could see an ogre.

Levels and vault maps discovered:
D:1:      dpeg_arrival_windows_large_door, layout_rooms, minmay_pentomino_q2
D:2:      layout_loops_ring, nicolae_overflow_crystal_walls,
          gammafunk_temple_overflow_statue,
          chequers_ecumenical_altar_simple_redux, uniq_jessica
D:3:      layout_loops_cross, gammafunk_temple_overflow_pools,
          fedhas_ov_isle_minmay
D:4:      layout_gridville, first_ration, minmay_joined_circles

Notes
Turn   | Place    | Note
-------+----------+-------------------------------------------
     0 | D:1      | lepoulpe303 the Deep Dwarf Fighter began the quest for the
                  | Orb.
     0 | D:1      | Reached XP level 1. HP: 20/20 MP: 1/1
     1 | D:1      | Identified a +0 club
    23 | D:1      | Identified a +0 short sword
    44 | D:1      | Identified a +0 club
    44 | D:1      | Identified a +0 club
    45 | D:1      | Identified a +0 club
    49 | D:1      | Reached XP level 2. HP: 27/27 MP: 2/2
   134 | D:1      | Identified a +0 dagger
   134 | D:1      | Identified a cursed -1 whip
   148 | D:1      | Identified a +0 club
   280 | D:1      | Reached XP level 3. HP: 24/33 MP: 3/3
   308 | D:1      | Identified a +0 club
   318 | D:1      | Identified a +0 cloak (You found it on level 1 of the
                  | Dungeon)
   320 | D:1      | Reached skill level 1 in Dodging
   612 | D:2      | Reached skill level 3 in Axes
   659 | D:2      | Identified a +0 club
   693 | D:2      | Identified a +0 club
   703 | D:2      | Reached skill level 3 in Fighting
   730 | D:2      | Found an ornate altar of the Wu Jian Council.
   876 | D:2      | Found a faded altar of an unknown god.
  1004 | D:2      | Identified a +0 hunting sling (You found it on level 1 of
                  | the Dungeon)
  1048 | D:2      | Found an ancient bone altar of Kikubaaqudgha.
  1049 | D:2      | Found a white marble altar of Elyvilon.
  1102 | D:2      | Identified a +0 club
  1102 | D:2      | Identified a +0 robe of fire resistance
  1102 | D:2      | Noticed Jessica
  1103 | D:2      | Identified a +0 war axe
  1104 | D:2      | Killed Jessica
  1104 | D:2      | Reached XP level 4. HP: 20/42 MP: 4/4
  1332 | D:2      | Identified a +0 pair of boots (You found it on level 2 of
                  | the Dungeon)
  1496 | D:3      | Identified a +0 club
  1496 | D:3      | Identified a +0 scale mail
  1546 | D:3      | Identified a +0 club
  1626 | D:3      | Identified a cursed -3 falchion
  1626 | D:3      | Identified a +0 leather armour
  1821 | D:3      | Found a sparkling altar of Nemelex Xobeh.
  1821 | D:3      | Found a shimmering blue altar of Sif Muna.
  1893 | D:3      | Found a blossoming altar of Fedhas.
  2045 | D:4      | Reached XP level 5. HP: 13/49 MP: 5/5
  2047 | D:4      | HP: 12/49 [bullfrog skeleton (1)]
  2050 | D:4      | Reached skill level 4 in Axes
  2050 | D:4      | Reached skill level 4 in Armour
  2050 | D:4      | Reached skill level 2 in Dodging
  2050 | D:4      | Reached skill level 4 in Shields
  2143 | D:4      | Identified a +0 falchion
  2143 | D:4      | Identified a +0 leather armour
  2147 | D:4      | Identified a +0 flail
  2147 | D:4      | Identified a +0 leather armour
  2148 | D:4      | Identified a +0 flail
  2157 | D:4      | Identified a +3 whip
  2204 | D:4      | Reached XP level 6. HP: 33/56 MP: 6/6
  2473 | D:4      | Identified a +0 giant club
  2473 | D:4      | Identified a +0 giant club
  2519 | D:4      | Reached skill level 5 in Axes
  2533 | D:4      | Identified a +0 giant spiked club
  2538 | D:4      | Identified a +0 dagger
  2538 | D:4      | Identified a +0 robe
  2539 | D:4      | Identified a +0 war axe
  2539 | D:4      | Identified a +0 trident
  2539 | D:4      | Identified a +0 flail
  2543 | D:4      | Identified a +0 trident of venom
  2543 | D:4      | Identified a +0 leather armour
  2546 | D:4      | Identified a +0 short sword
  2546 | D:4      | Identified a +0 leather armour
  2584 | D:4      | Reached skill level 3 in Dodging
  2584 | D:4      | Reached XP level 7. HP: 41/63 MP: 7/7
  2593 | D:4      | HP: 15/63 [poisoned by an orc priest]
  2661 | D:4      | Reached skill level 4 in Fighting
  2664 | D:4      | Slain by an ogre

Table legend:
 A = Turns spent in this place as a percentage of turns spent in the entire game.
 B = Non-inter-level travel turns spent in this place as a percentage of non-inter-level travel turns spent in the entire game.
 C = Inter-level travel turns spent in this place as a percentage of turns spent in this place.
 D = Turns resting spent in this place as a percentage of non-inter-level travel turns spent in this place.
 E = Turns spent auto-exploring this place as a percentage of non-inter-level travel turns spent in this place.
 F = Non-inter-level travel turns spent in this place divided by the number of levels of this place that you've seen.
                   A       B       C       D       E      F
               +-------+-------+-------+-------+-------+----------------------
         Total | 100.0 | 100.0 |   7.0 |   2.9 |  68.3 | 619.2
       Dungeon | 100.0 | 100.0 |   7.0 |   2.9 |  68.3 | 619.2
               +-------+-------+-------+-------+-------+----------------------

Table legend:
 A = Kills in this place as a percentage of kills in entire the game.
 B = Kills by you in this place as a percentage of kills by you in the entire game.
 C = Kills by friends in this place as a percentage of kills by friends in the entire game.
 D = Other kills in this place as a percentage of other kills in the entire game.
 E = Experience gained in this place as a percentage of experience gained in the entire game.
 F = Experience gained in this place divided by the number of levels of this place that you have seen.
                   A       B       C       D       E      F
               +-------+-------+-------+-------+-------+----------------------
         Total | 100.0 | 100.0 |   N/A |   N/A | 100.0 | 242.8
       Dungeon | 100.0 | 100.0 |   N/A |   N/A | 100.0 | 242.8
               +-------+-------+-------+-------+-------+----------------------

Skill      XL: |  1  2  3  4  5  6  7 |
---------------+----------------------+-----
Dodging        | 1 2 3 |  3.2
Axes           | 3 4 5 |  5.6
Fighting       | 3 4 |  4.0
Armour         | 4 |  4.7
Shields        | 4 |  4.8

Action                   |  1- 3 |  4- 6 |  7- 9 || total
-------------------------+-------+-------+-------++-------
Melee: War axe           |    97 |   122 |    23 ||   242
 Fire: Hunting sling     |     6 |    83 |    12 ||   101
 Abil: Heal Wounds       |       |     2 |     1 ||     3
  Use: Potion            |       |       |     1 ||     1
  Eat: Chunk             |     1 |     5 |       ||     6
Armor: Scale mail        |    54 |    56 |     8 ||   118
Dodge: Dodged            |    23 |    46 |     3 ||    72
Block: Shield            |    65 |    80 |     9 ||   154

Vanquished Creatures
  An ogre (D:4)
  3 scorpions (D:4)
  A bullfrog skeleton (D:4)
  2 orc priests (D:4)
  An orc wizard (D:4)
  Jessica (D:2)
  6 worker ants (D:4)
  7 adders
  2 oozes
  3 worms
  2 dart slugs
  8 orcs
  6 giant cockroaches
  9 hobgoblins
  3 jackals (D:4)
  2 kobolds (D:1)
  A quokka (D:2)
  A ball python (D:2)
  6 bats
  2 frilled lizards
  5 goblins
  A quokka skeleton (D:4)
  9 rats
82 creatures vanquished.
